TOP OF THE 1ST |
Newark Bulldogs batting - Pitching for Intercourse Amish : RHP Errol Murphy
|
Pitching: RHP Errol Murphy
|
|
Batting: RHB Peter Sexton
|
0-0: Called Strike 0-1: Ball 1-1: Foul Ball, location: 2F 1-2: Ball 2-2: SINGLE (Groundball, 34D)
|
Batting: RHB Wilson Flores
|
0-0: Ground out 5-3 (Groundball, 56S) Peter Sexton to second
|
Batting: LHB Gabriel Aragón
|
0-0: Ball 1-0: Ball 2-0: Ball 3-0: Base on Balls
|
Batting: RHB Tony Long
|
0-0: Ball 1-0: SINGLE (Line Drive, 78S) Peter Sexton to third Gabriel Aragón to second Runner from 3rd tries for Home, SAFE, no throw
|
Batting: LHB Wes Stone
|
0-0: Swinging Strike 0-1: Foul Ball, location: 2F 0-2: Fly out, F8 (Flyball, 8LM)
|
Batting: RHB Norris Howard
|
0-0: Ball 1-0: Ball 2-0: DOUBLE (Line Drive, 7LD) Gabriel Aragón scores Tony Long to third
|
Batting: RHB Michael Skinner
|
0-0: Ball 1-0: SINGLE (Groundball, 6D) Tony Long scores Norris Howard to third Runner from 3rd tries for Home, SAFE, throw made home
|
Batting: RHB Joe Baker
|
0-0: Ball 1-0: Ground out 4-3 (Groundball, 4M)
|
Top of the 1st over - 4 run(s), 4 hit(s), 0 error(s), 1 left on base; Newark 4 - Intercourse 0 |
BOTTOM OF THE 1ST |
Intercourse Amish batting - Pitching for Newark Bulldogs : LHP Pedro Orozco
|
Pitching: LHP Pedro Orozco
|
|
Batting: RHB Bob Carr
|
0-0: Ball 1-0: Called Strike 1-1: Ball 2-1: Foul Ball, location: 2F 2-2: Foul Ball, location: 2F 2-2: Strikes out swinging
|
Batting: RHB Frank Maxwell
|
0-0: Called Strike 0-1: Ball 1-1: Ball 2-1: Foul Ball, location: 2F 2-2: Ball 3-2: Base on Balls
|
Batting: RHB John Little
|
0-0: Called Strike 0-1: Ball 1-1: Fly out, F8 (Line Drive, 89M)
|
Batting: RHB Juan Caceres
|
0-0: Ball 1-0: Ball 2-0: Called Strike 2-1: Foul Ball, location: 2F 2-2: Foul Ball, location: 2F 2-2: Ball 3-2: Foul Ball, location: 2F 3-2: Fly out, F9 (Flyball, 9LM)
|
Bottom of the 1st over - 0 run(s), 0 hit(s), 0 error(s), 1 left on base; Newark 4 - Intercourse 0 |
TOP OF THE 2ND |
Newark Bulldogs batting - Pitching for Intercourse Amish : RHP Errol Murphy
|
Batting: RHB Stan Simpson
|
0-0: Called Strike 0-1: Swinging Strike 0-2: Strikes out swinging
|
Batting: RHB Peter Sexton
|
0-0: DOUBLE (Line Drive, 9D)
|
Batting: RHB Wilson Flores
|
0-0: Ball 1-0: Swinging Strike 1-1: SINGLE (Flyball, 8LS) Peter Sexton to third Runner from 3rd tries for Home, SAFE, no throw
|
Batting: LHB Gabriel Aragón
|
0-0: Ball 1-0: Called Strike 1-1: Grounds into double play, 4-6-3 (Groundball, 4)
|
Top of the 2nd over - 1 run(s), 2 hit(s), 0 error(s), 0 left on base; Newark 5 - Intercourse 0 |
BOTTOM OF THE 2ND |
Intercourse Amish batting - Pitching for Newark Bulldogs : LHP Pedro Orozco
|
Batting: LHB Tony O'Bryan
|
0-0: Swinging Strike 0-1: SINGLE (Flyball, 8RM)
|
Batting: RHB Leon Heath
|
0-0: Called Strike 0-1: Foul Ball, location: 2F 0-2: Strikes out swinging
|
Batting: LHB Caleb Hall
|
0-0: Called Strike 0-1: Foul Ball, location: 2F 0-2: Strikes out swinging
|
Batting: SHB Conan Hanson
|
0-0: Foul Ball, location: 2F 0-1: Foul Ball, location: 2F 0-2: Ball 1-2: Ground out 4-3 (Groundball, 34)
|
Bottom of the 2nd over - 0 run(s), 1 hit(s), 0 error(s), 1 left on base; Newark 5 - Intercourse 0 |
TOP OF THE 3RD |
Newark Bulldogs batting - Pitching for Intercourse Amish : RHP Errol Murphy
|
Batting: RHB Tony Long
|
0-0: SINGLE (Line Drive, 78S)
|
Batting: LHB Wes Stone
|
0-0: Foul Ball, location: 2F 0-1: Foul Ball, location: 2F 0-2: Ball 1-2: Ball 2-2: Ball 3-2: SINGLE (Groundball, 4D) Tony Long to second Runner from 2nd tries for 3rd, SAFE, no throw
|
Batting: RHB Norris Howard
|
0-0: Ball 1-0: Foul Ball, location: 2F 1-1: Called Strike 1-2: Foul Ball, location: 2F 1-2: Ball 2-2: Foul Ball, location: 2F 2-2: Ball 3-2: 3-RUN HOME RUN (Flyball, 78XD), Distance : 426 ft
|
Pitching: RHP Rafael Sánchez
|
|
Batting: RHB Michael Skinner
|
0-0: Called Strike 0-1: Swinging Strike 0-2: Ball 1-2: Strikes out looking
|
Batting: RHB Joe Baker
|
0-0: Fly out, F8 (Line Drive, 8LXD)
|
Batting: RHB Stan Simpson
|
0-0: Called Strike 0-1: Ground out 1-3 (Groundball, 13S)
|
Top of the 3rd over - 3 run(s), 3 hit(s), 0 error(s), 0 left on base; Newark 8 - Intercourse 0 |
BOTTOM OF THE 3RD |
Intercourse Amish batting - Pitching for Newark Bulldogs : LHP Pedro Orozco
|
Batting: RHB Pablo Díaz
|
0-0: Called Strike 0-1: Ball 1-1: Fly out, F9 (Flyball, 89M)
|
Batting: RHB Bob Carr
|
0-0: Swinging Strike 0-1: Ball 1-1: Ball 2-1: Ball 3-1: Base on Balls
|
Batting: RHB Frank Maxwell
|
0-0: Ball 1-0: Called Strike Bob Carr steals 2nd base 1-1: Ball 2-1: Ball 3-1: Foul Ball, location: 2F 3-2: Base on Balls
|
Batting: RHB John Little
|
0-0: Called Strike 0-1: Grounds into double play, 5-4-3 (Groundball, 5)
|
Bottom of the 3rd over - 0 run(s), 0 hit(s), 0 error(s), 1 left on base; Newark 8 - Intercourse 0 |
TOP OF THE 4TH |
Newark Bulldogs batting - Pitching for Intercourse Amish : RHP Rafael Sánchez
|
Batting: RHB Peter Sexton
|
0-0: Foul Ball, location: 2F 0-1: Ball 1-1: Ball 2-1: Swinging Strike 2-2: Ball 3-2: Foul Ball, location: 2F 3-2: Foul Ball, location: 2F 3-2: Base on Balls
|
Batting: RHB Wilson Flores
|
0-0: Called Strike 0-1: Foul Ball, location: 2F 0-2: Grounds into double play, 6-4-3 (Groundball, 6)
|
Batting: LHB Gabriel Aragón
|
0-0: Ball 1-0: Called Strike 1-1: Called Strike 1-2: Ball 2-2: Foul Ball, location: 2F 2-2: Ball 3-2: Base on Balls
|
Batting: RHB Tony Long
|
0-0: Called Strike 0-1: Ball 1-1: Fly out, F8 (Flyball, 8LXD)
|
Top of the 4th over - 0 run(s), 0 hit(s), 0 error(s), 1 left on base; Newark 8 - Intercourse 0 |
BOTTOM OF THE 4TH |
Intercourse Amish batting - Pitching for Newark Bulldogs : LHP Pedro Orozco
|
Batting: RHB Juan Caceres
|
0-0: Ball 1-0: Called Strike 1-1: Ball 2-1: Called Strike 2-2: Ball 3-2: Strikes out looking
|
Batting: LHB Tony O'Bryan
|
0-0: Called Strike 0-1: SOLO HOME RUN (Line Drive, 89XD), Distance : 420 ft
|
Batting: RHB Leon Heath
|
0-0: Ball 1-0: Called Strike 1-1: Called Strike 1-2: Strikes out swinging
|
Batting: LHB Caleb Hall
|
0-0: Called Strike 0-1: Foul Ball, location: 2F 0-2: Ball 1-2: Ball 2-2: Foul Ball, location: 2F 2-2: Ball 3-2: Base on Balls
|
Batting: SHB Conan Hanson
|
0-0: Swinging Strike 0-1: Ball 1-1: Ball 2-1: Foul Ball, location: 2F 2-2: Ball 3-2: Ground out 4-3 (Groundball, 4D)
|
Bottom of the 4th over - 1 run(s), 1 hit(s), 0 error(s), 1 left on base; Newark 8 - Intercourse 1 |
TOP OF THE 5TH |
Newark Bulldogs batting - Pitching for Intercourse Amish : RHP Rafael Sánchez
|
Batting: LHB Wes Stone
|
0-0: Called Strike 0-1: Foul Ball, location: 2F 0-2: Foul Ball, location: 2F 0-2: Strikes out swinging
|
Batting: RHB Norris Howard
|
0-0: Foul Ball, location: 2F 0-1: Ball 1-1: Foul Ball, location: 2F 1-2: TRIPLE (Flyball, 89XD)
|
Batting: RHB Michael Skinner
|
0-0: Ball 1-0: Fly out, F8 (Flyball, 8LM) Runner from 3rd tags up, OUT at HOME
|
Top of the 5th over - 0 run(s), 1 hit(s), 0 error(s), 0 left on base; Newark 8 - Intercourse 1 |
BOTTOM OF THE 5TH |
Intercourse Amish batting - Pitching for Newark Bulldogs : LHP Pedro Orozco
|
Batting: RHB Pablo Díaz
|
0-0: Ball 1-0: Called Strike 1-1: Foul Ball, location: 2F 1-2: DOUBLE (Line Drive, 8LD)
|
Batting: RHB Bob Carr
|
0-0: SINGLE (Line Drive, 6D) Pablo Díaz to third
|
Batting: RHB Frank Maxwell
|
0-0: Ball 1-0: Foul Ball, location: 2F 1-1: Ball 2-1: Called Strike 2-2: Ball 3-2: Foul Ball, location: 2F 3-2: Foul Ball, location: 2F 3-2: Foul Ball, location: 2F 3-2: Base on Balls Bob Carr to second
|
Batting: RHB John Little
|
0-0: Called Strike 0-1: Called Strike 0-2: Foul Ball, location: 2F 0-2: Ball 1-2: Ball Wild Pitch! Pablo Díaz scores Bob Carr to third Frank Maxwell to second 2-2: Ball 3-2: Base on Balls
|
Pitching: RHP José Gonzáles
|
|
Batting: RHB Juan Caceres
|
0-0: Ball 1-0: Ball 2-0: Ball 3-0: Base on Balls Bob Carr scores Frank Maxwell to third John Little to second
|
Batting: LHB Tony O'Bryan
|
0-0: Ball 1-0: Fly out, F9 (Line Drive, 9) Runner from 3rd tags up, SCORES, throw made
|
Batting: RHB Leon Heath
|
0-0: Ball 1-0: Called Strike 1-1: Ball 2-1: Fly out, F8 (Flyball, 89S)
|
Batting: LHB Caleb Hall
|
0-0: Called Strike 0-1: Foul Ball, location: 2F 0-2: Strikes out swinging
|
Bottom of the 5th over - 3 run(s), 2 hit(s), 0 error(s), 2 left on base; Newark 8 - Intercourse 4 |
TOP OF THE 6TH |
Newark Bulldogs batting - Pitching for Intercourse Amish : RHP Rafael Sánchez
|
Batting: RHB Joe Baker
|
0-0: Fly out, F8 (Flyball, 89M)
|
Batting: RHB Stan Simpson
|
0-0: Foul Ball, location: 2F 0-1: Foul Ball, location: 2F 0-2: Foul Ball, location: 2F 0-2: Foul Ball, location: 2F 0-2: Fly out, F9 (Line Drive, 9S)
|
Batting: RHB Peter Sexton
|
0-0: Called Strike 0-1: Ball 1-1: Ball 2-1: Ball 3-1: SINGLE (Line Drive, 4M)
|
Batting: RHB Wilson Flores
|
0-0: Ball 1-0: Foul Ball, location: 2F 1-1: Called Strike 1-2: Foul Ball, location: 2F 1-2: Ball Peter Sexton steals 2nd base 2-2: Ball 3-2: Strikes out looking
|
Top of the 6th over - 0 run(s), 1 hit(s), 0 error(s), 1 left on base; Newark 8 - Intercourse 4 |
BOTTOM OF THE 6TH |
Intercourse Amish batting - Pitching for Newark Bulldogs : RHP José Gonzáles
|
Batting: SHB Conan Hanson
|
0-0: Ball 1-0: Ball 2-0: SINGLE (Groundball, 4MD)
|
Batting: RHB Pablo Díaz
|
0-0: Called Strike 0-1: Ball 1-1: Called Strike 1-2: Grounds into double play, 6-4-3 (Groundball, 6)
|
Batting: RHB Bob Carr
|
0-0: Called Strike 0-1: Ball 1-1: Ground out 6-3 (Groundball, 6)
|
Bottom of the 6th over - 0 run(s), 1 hit(s), 0 error(s), 0 left on base; Newark 8 - Intercourse 4 |
TOP OF THE 7TH |
Newark Bulldogs batting - Pitching for Intercourse Amish : RHP Rafael Sánchez
|
Pitching: RHP Don Shelton
|
|
Batting: LHB Gabriel Aragón
|
0-0: Ball 1-0: Ball 2-0: SOLO HOME RUN (Flyball, 89XD), Distance : 419 ft
|
Batting: RHB Tony Long
|
0-0: Foul Ball, location: 2F 0-1: Ball 1-1: Ball 2-1: Foul Ball, location: 2F 2-2: Foul Ball, location: 2F 2-2: Strikes out swinging
|
Batting: LHB Wes Stone
|
0-0: Ball 1-0: Foul Ball, location: 2F 1-1: Ball 2-1: Called Strike 2-2: DOUBLE (Flyball, 78XD)
|
Batting: RHB Norris Howard
|
0-0: Ball 1-0: SINGLE (Line Drive, 7LM) Wes Stone to third
|
Batting: RHB Michael Skinner
|
0-0: Ball 1-0: Called Strike 1-1: Called Strike 1-2: Foul Ball, location: 2F 1-2: Strikes out swinging
|
Batting: RHB Joe Baker
|
0-0: Called Strike 0-1: Called Strike 0-2: Ball 1-2: Foul Ball, location: 2F 1-2: SINGLE (Line Drive, 4MD) Wes Stone scores Norris Howard to second
|
Batting: RHB Stan Simpson
|
0-0: Called Strike 0-1: Ball 1-1: Called Strike 1-2: Foul Ball, location: 2F 1-2: Strikes out looking
|
Top of the 7th over - 2 run(s), 4 hit(s), 0 error(s), 2 left on base; Newark 10 - Intercourse 4 |
BOTTOM OF THE 7TH |
Intercourse Amish batting - Pitching for Newark Bulldogs : RHP José Gonzáles
|
Batting: RHB Frank Maxwell
|
0-0: Ball 1-0: Ball 2-0: Swinging Strike 2-1: Foul Ball, location: 2F 2-2: Ball 3-2: Foul Ball, location: 2F 3-2: Base on Balls
|
Batting: RHB John Little
|
0-0: Called Strike 0-1: Ball 1-1: Swinging Strike 1-2: Foul Ball, location: 2F 1-2: Ball 2-2: DOUBLE (Line Drive, 89S) Frank Maxwell to third
|
Batting: RHB Juan Caceres
|
0-0: Fly out, F8 (Flyball, 8LXD) Runner from 3rd tags up, SCORES, no throw
|
Batting: LHB Tony O'Bryan
|
0-0: SINGLE (Line Drive, 4MD) John Little to third
|
Batting: RHB Leon Heath
|
0-0: Fly out, F4 (Popup, 3L)
|
Batting: LHB Caleb Hall
|
0-0: SINGLE (Line Drive, 6D) John Little scores Tony O'Bryan to second
|
Pitching: RHP Jesús Salazar
|
|
Batting: SHB Conan Hanson
|
0-0: SINGLE (Groundball, 34D) Tony O'Bryan to third Caleb Hall to second Runner from 3rd tries for Home, SAFE, no throw
|
Batting: RHB Pablo Díaz
|
0-0: Called Strike 0-1: Swinging Strike 0-2: Ball 1-2: Ball 2-2: 3-RUN HOME RUN (Flyball, 7D), Distance : 382 ft
|
Pitching: RHP Chris Johns
|
|
Batting: RHB Bob Carr
|
0-0: Called Strike 0-1: Ball 1-1: Ball 2-1: Ground out 1-3 (Groundball, 15S)
|
Bottom of the 7th over - 6 run(s), 5 hit(s), 0 error(s), 0 left on base; Newark 10 - Intercourse 10 |
TOP OF THE 8TH |
Newark Bulldogs batting - Pitching for Intercourse Amish : RHP Don Shelton
|
Pitching: LHP Justin Short
|
|
Batting: RHB Peter Sexton
|
0-0: Ball 1-0: Ground out 6-3 (Groundball, 6)
|
Pinch Hitting: RHB Gabriel Villegas
|
0-0: Ball 1-0: Fly out, F8 (Flyball, 89M)
|
Pinch Hitting: RHB Emílio Salas
|
0-0: Foul Ball, location: 2F 0-1: Ball 1-1: Called Strike 1-2: Ball 2-2: Strikes out looking
|
Top of the 8th over - 0 run(s), 0 hit(s), 0 error(s), 0 left on base; Newark 10 - Intercourse 10 |
BOTTOM OF THE 8TH |
Intercourse Amish batting - Pitching for Newark Bulldogs : RHP Chris Johns
|
Now at 3B: Juan Martínez
|
|
Now in CF: Owen Moreno
|
|
Batting: RHB Frank Maxwell
|
0-0: Fly out, F8 (Flyball, 8RD)
|
Batting: RHB John Little
|
0-0: Ball 1-0: Ball 2-0: Ball 3-0: Called Strike 3-1: Ground out 4-3 (Groundball, 4S)
|
Pinch Hitting: LHB Bruce Foster
|
0-0: Ball 1-0: DOUBLE (Flyball, 8LXD)
|
Batting: LHB Tony O'Bryan
|
0-0: Ball 1-0: Ground out 4-3 (Groundball, 4)
|
Bottom of the 8th over - 0 run(s), 1 hit(s), 0 error(s), 1 left on base; Newark 10 - Intercourse 10 |
TOP OF THE 9TH |
Newark Bulldogs batting - Pitching for Intercourse Amish : LHP Justin Short
|
Pitching: RHP Sixto Santiago
|
|
Now at 1B: Bruce Foster
|
|
Pinch Hitting: LHB Marvin Morris
|
0-0: Ground out U3 (Groundball, 3S)
|
Batting: LHB Wes Stone
|
0-0: Called Strike 0-1: Ground out U3 (Groundball, 34)
|
Pinch Hitting: LHB Gerardo Guzmán
|
0-0: Ball 1-0: Foul Ball, location: 2F 1-1: Ball 2-1: Foul Ball, location: 2F 2-2: SINGLE (Groundball, 6MD)
|
Batting: RHB Michael Skinner
|
0-0: Called Strike 0-1: Swinging Strike 0-2: Strikes out looking
|
Top of the 9th over - 0 run(s), 1 hit(s), 0 error(s), 1 left on base; Newark 10 - Intercourse 10 |
|